 Dungeon Crawl Stone Soup version 0.30.0-30-g96aa6591b8 (webtiles) character file.

Game seed: 4655486986074089532

119588 Dadbod the Eclecticist (level 17, -3/113 HPs)
             Began as a Djinni Fire Elementalist on June 28, 2023.
             Was the Champion of Makhleb.
             Slain by a ghost moth (8 damage)
             ... on level 2 of the Spider Nest.
             The game lasted 02:07:51 (24982 turns).

Dadbod the Eclecticist (Djinni Fire Elementalist)  Turns: 24982, Time: 02:07:52

Health: -3/113     AC:  8    Str:  4 (7)  XL:     17   Next: 34%
Gold:   1115       EV: 13    Int: 38 (39) God:    Makhleb [******] SH: 13 Dex: 12

rFire   + + .        U - +5 rapier of Internal Strife {elec, rElec Int+8 Dex-2}
rCold   x . .        y - +2 kite shield
rNeg    . . .        u - +2 robe {Will+}
rPois   ∞            i - +0 helmet
rElec   +            F - +0 cloak
rCorr   .            j - +0 pair of gloves
SInv    .            (boots unavailable)
Will    ++...        O - amulet of regeneration
Stlth   ++++         L - ring of the Devouring Gods {rElec rPois}
HPRegen 1.18/turn    w - +6 ring of intelligence
MPRegen 0.00/turn

%: infuse magic (-4 HP)
@: flying, slowed, very slow
A: sickness immunity, fire resistance 2, cold vulnerability 1, float, innate
caster, HP casting, extra vitality 1
a: Renounce Religion, Minor Destruction, Lesser Servant of Makhleb, Major
Destruction, Greater Servant of Makhleb


You were on level 2 of the Spider Nest.
You worshipped Makhleb.
Makhleb was exalted by your worship.
You visited 5 branches of the dungeon, and saw 24 of its levels.
You also visited: Sewer.

You collected 2320 gold pieces.
You spent 1205 gold pieces at shops.

Inventory:

Hand Weapons
 U - the +5 rapier of Internal Strife (weapon) {elec, rElec Int+8 Dex-2}
   (You found it on level 5 of the Lair of Beasts)

   Int:       It affects your intelligence (+8).
   Dex:       It affects your dexterity (-2).
   rElec:     It insulates you from electricity.
Armour
 i - a +0 helmet (worn)
 j - a +0 pair of gloves (worn)
 u - a +2 robe of willpower (worn)
 y - a +2 kite shield (worn)
 F - a +0 cloak (worn)
 G - a +1 leather armour of cold resistance
 T - the +1 robe of Ozoareo {*Corrode +Blink rC- rN+++}
   (You found it on level 5 of the Lair of Beasts)

   rC:        It makes you vulnerable to cold.
   rN:        It renders you almost immune to negative energy.
   +Blink:    It lets you blink.
   *Corrode:  It may corrode you when you take damage.
Magical Staves
 W - a staff of conjuration
Jewellery
 w - a +6 ring of intelligence (right hand)
 C - a ring of positive energy
 L - the ring of the Devouring Gods (left hand) {rElec rPois}
   (You found it on level 1 of the Lair of Beasts)

   [ring of poison resistance]

   rElec:     It insulates you from electricity.
   rPois:     It protects you from poison.
 O - an amulet of regeneration (around neck)
 P - a ring of ice
 R - a ring of protection from fire
Wands
 v - a wand of acid (8)
 x - a wand of mindburst (18)
 E - a wand of roots (10)
 V - a wand of digging (5)
Scrolls
 b - 4 scrolls of fog
 c - 2 scrolls of fear
 d - a scroll of blinking
 e - 4 scrolls of magic mapping
 h - 3 scrolls of enchant armour
 k - 11 scrolls of teleportation
 m - 6 scrolls of identify
 t - 3 scrolls of vulnerability
 D - 6 scrolls of summoning
 I - 4 scrolls of immolation
 J - 2 scrolls of poison
Potions
 a - a potion of haste
 f - 16 potions of curing
 g - 5 potions of attraction
 l - a potion of might
 o - 6 potions of resistance
 p - 6 potions of lignification
 r - a potion of cancellation
 s - a potion of brilliance
 z - 2 potions of ambrosia
 K - 3 potions of mutation
 Q - a potion of heal wounds
 S - 2 potions of invisibility
Miscellaneous
 N - a tin of tremorstones (2/2)


   Skills:
 * Level 8.3 Fighting
 * Level 8.0 Armour
 * Level 9.5 Dodging
 * Level 7.8 Stealth
 * Level 10.2 Shields
 * Level 15.8 Spellcasting
 * Level 14.7 Invocations
 - Level 3.1 Evocations


You knew the following spells:

 Your Spells              Type           Power      Damage    Failure   Level
a - Foxfire               Conj/Fire      100%       2x1d9     0%          1
b - Scorch                Fire           100%       2d9       0%          2
c - Volatile Blastmotes   Fire/Tloc      100%       2d18      1%          3
d - Inner Flame           Hex/Fire       100%       N/A       1%          3
e - Flame Wave            Conj/Fire      100%       2d21      1%          4
f - Sandblast             Erth           100%       2d20      0%          1
g - Searing Ray           Conj           100%       2d8       0%          2
h - Momentum Strike       Conj/Tloc      100%       3d10      0%          2
i - Vhi's Electric Charg  Tloc/Air       100%       N/A       1%          3
j - Borgnjor's Vile Clut  Necr/Erth      50%        N/A       1%          5
k - Lee's Rapid Deconstr  Erth           50%        3d24*     1%          5
l - Eringya's Noxious Bo  Tmut/Pois      50%        N/A       1%          6
m - Summon Cactus Giant   Summ           50%        N/A       1%          6
Your spell library was empty.

Dungeon Overview and Level Annotations

Branches:
Dungeon (14/15)            Temple (1/1) D:7            Lair (5/5) D:10
 Shoals (0/4) Lair:3       Spider (2/4) Lair:3        Slime (0/5) Lair:4
    Orc (2/2) D:11            Elf (0/3) Orc:2        Vaults (0/5) D:13
  Sewer (visited)

Altars:
Ashenzari
Dithmenos
Elyvilon
Hepliaklqana
Makhleb
Nemelex Xobeh
Okawaru
Qazlal
Ru
Uskayaw
Wu Jian
Zin
The Shining One
Jiyva

Shops:
D:2 *((   D:5 :   D:8 :*?*=   Orc:2 !:*!

Annotations:
D:9 4 transporters, suzumiya's ghost, journeyman HOFi
D:10 2 transporters, Mig's ghost, novice VSFi
Orc:1 4 transporters


Innate Abilities, Weirdness & Mutations

You are immune to sickness and miasma.
You are immune to poison.
Your flesh is very heat resistant. (rF++)
You are vulnerable to cold. (rC-)
You float through the air rather than walking.
You learn spells naturally, not from books.
Your magical power is your life essence.
You have superior vitality. (+4 MHP)


Message History

You feel you are being watched by something.
Something hits you!!
Deactivating autopickup; reactivate with Ctrl-A.
Something hits you. Something stings you!
The torpor snail is engulfed in blazing flames.
Flame seeps out of the torpor snail.
The torpor snail struggles to escape constriction.
You feel you are being watched by something.
Something hits you! x2; Something stings you.
You feel weakened.
Unknown command.
The zombie hands constrict the torpor snail!
Flame seeps out of the torpor snail.
You feel you are being watched by something.
Something hits you! Something hits you.
* * * LOW HITPOINT WARNING * * *
You feel dopey. You block something's attack.
The torpor snail is engulfed in blazing flames.
Flame seeps out of the torpor snail.
The torpor snail struggles to escape constriction.
The zombie hands constrict the torpor snail!!
Makhleb accepts your kill.
You feel better.
The torpor snail explodes!
The fiery explosion engulfs the jumping spider!!
You kill the jumping spider!
Makhleb accepts your kill.
You feel better.
You feel you are being watched by something.
You block something's attack. Something hits you!
* * * LOW HITPOINT WARNING * * *
You feel weakened. Something stings you!
* * * LOW HITPOINT WARNING * * *
Something hits you!
* * * LOW HITPOINT WARNING * * *
You feel weakened. Something hits you!
You die...

##.....####. .§§§..
#...#.## ## #§§§..
##..### ##.
§§§.######..##
#...##...#..####..#
#....?..!!...##..##
#....#....#..#..##
#........##..#..##
...##^@^##..#...#
#............#...#
##..###.^..#.#...#
##..............#
#^...........##
##############


There were no monsters in sight!

Vanquished Creatures
  Mlioglotl (Lair:3)
  Kirke (Lair:4)
  2 emperor scorpions (Spider:2)
  A broodmother (Spider:1)
  2 dire elephants (Spider:1)
  Snorg (Lair:4)
  Josephine (Spider:1)
  An entropy weaver (Spider:1)
  A rakshasa (D:14)
  2 vault guards (D:13)
  3 catoblepae (Lair:5)
  An ogre mage (D:11)
  7 hydras
  7 death yaks (Lair:5)
  8 two-headed ogres (D:11)
  3 boulder beetles
  4 orc high priests (Orc:2)
  Sonja (Lair:2)
  Urug (Lair:4)
  A deep elf knight (Spider:1)
  2 skysharks
  2 pharaoh ants (Spider:1)
  9 skeletal warriors
  4 orb spiders (Spider:1)
  A slime creature (D:12)
  Pikel (D:5)
  A deep elf archer (Spider:1)
  A steelbarb worm (Spider:2)
  A deep elf pyromancer (D:12)
  3 ugly things (D:14)
  An orc sorcerer (Orc:2)
  2 oklob plants (Lair:4)
  3 wolf spiders (Spider:1)
  A moth of wrath (Spider:1)
  4 cyclopes
  8 manticores
  Maurice (D:9)
  19 elephants
  2 merfolk sirens (Lair:3)
  9 black mambas
  5 demonic crawlers
  3 gargoyles
  An unseen horror (D:11)
  18 cane toads
  3 torpor snails
  4 komodo dragons
  A yaktaur (D:13)
  An efreet (D:13)
  3 rime drakes
  8 trolls
  3 meliai (Spider:2)
  2 merfolk (Lair:3)
  9 tarantellas
  23 blink frogs
  2 hornets (D:9)
  13 dream sheep
  A raiju (Spider:1)
  11 jumping spiders
  10 culicivoras
  Sigmund (D:2)
  24 humans
  6 wyverns
  60 yaks
  2 shadows (D:11)
  6 wraiths
  A hog (shapeshifter) (D:14)
  2 steam dragons
  A basilisk (Lair:5)
  15 redbacks
  4 vampire mosquitoes (D:14)
  2 acid dragons
  2 two-headed ogre zombies (D:11)
  16 water moccasins
  16 orc warriors
  2 sky beasts (D:6)
  A sky beast (shapeshifter) (D:14)
  3 black bears
  7 ice beasts
  19 ogres
  2 centaurs
  11 wolves
  3 lemures (D:5)
  3 phantoms
  5 kobold brigands
  10 bullfrogs
  6 gnoll sergeants
  2 scorpions
  13 wights
  A troll zombie (D:11)
  18 killer bees
  4 vampire bats (Lair:5)
  A howler monkey (D:5)
  A crimson imp (D:11)
  28 orc priests
  3 jellies
  5 hounds
  3 gnoll boudas
  Crazy Yiuf (D:6)
  A sleepcap (D:5)
  Ijyb (D:3)
  Natasha (thrice) (D:2)
  3 iguanas
  23 orc wizards
  A malarious merfolk avatar (Sewer)
  A sickly merfolk siren (Sewer)
  6 ogre zombies (D:11)
  A hound skeleton (D:3)
  19 gnolls
  A howler monkey skeleton (D:3)
  16 adders
  3 river rats (Sewer)
  A white imp (D:11)
  An adder skeleton (D:3)
  2 worms
  4 dart slugs
  51 orcs
  9 ball pythons
  7 endoplasms
  6 giant cockroaches
  8 goblins
  9 hobgoblins
  11 jackals
  15 kobolds
  10 quokkas
  2 ball python skeletons (D:3)
  17 bats
  10 frilled lizards
  A goblin skeleton (D:11)
  A goblin zombie (D:11)
  2 hobgoblin skeletons (D:11)
  4 hobgoblin zombies (D:11)
  17 orc zombies (D:11)
  A quokka skeleton (D:3)
  24 rats
847 creatures vanquished.

Vanquished Creatures (collateral kills)
  3 foxfires
3 creatures vanquished.

Vanquished Creatures (others)
  3 humans (Lair:4)
  1014 foxfires
1017 creatures vanquished.

Grand Total: 1867 creatures vanquished

Notes
Turn   | Place    | Note
-------+----------+-------------------------------------------
     0 | D:1      | Dadbod the Djinni Fire Elementalist began the quest for the
                  | Orb.
     0 | D:1      | Dadbod set off with the following spells memorised:
                  | Foxfire, Scorch, Volatile Blastmotes, Inner Flame, Flame
                  | Wave.
     0 | D:1      | Reached XP level 1. HP: 15/15 MP: 0/0
    79 | D:1      | Reached XP level 2. HP: 20/21 MP: 0/0
   258 | D:1      | Reached skill level 3 in Spellcasting
   299 | D:1      | Reached XP level 3. HP: 24/25 MP: 0/0
   299 | D:1      | Learned a level 1 spell: Sandblast
   867 | D:1      | Reached XP level 4. HP: 30/31 MP: 0/0
   990 | D:2      | Noticed Sigmund
   996 | D:2      | Killed Sigmund
   997 | D:2      | Reached skill level 4 in Spellcasting
   997 | D:2      | Reached XP level 5. HP: 24/35 MP: 0/0
   997 | D:2      | Learned a level 2 spell: Searing Ray
   997 | D:2      | Reached XP level 6. HP: 27/40 MP: 0/0
  1174 | D:2      | Found Ycug's Weapon Boutique.
  1245 | D:2      | Found Umunalon's Weapon Shoppe.
  1405 | D:2      | You are sucked into a shaft and drop 1 floor!
  1421 | D:3      | Noticed Ijyb
  1427 | D:3      | Killed Ijyb
  1675 | D:3      | Reached skill level 5 in Spellcasting
  1922 | D:2      | Noticed Natasha
  1924 | D:2      | Reached XP level 7. HP: 37/45 MP: 0/0
  1924 | D:2      | Learned a level 2 spell: Momentum Strike
  1929 | D:2      | Killed Natasha
  2080 | D:2      | Found Qeunin's Assorted Antiques.
  2111 | D:2      | Noticed Natasha
  2116 | D:2      | Found a faded altar of an unknown god.
  2118 | D:2      | Killed Natasha
  2393 | D:2      | Noticed Natasha
  2395 | D:2      | Killed Natasha
  2566 | D:3      | Identified the +6 buckler "Roppid" {+Blink Str+3 Dex-5
                  | Slay+4}
  2824 | D:4      | Reached skill level 1 in Shields
  2909 | D:4      | Found a glowing drain.
  2931 | Sewer    | Entered a sewer
  3491 | D:4      | Reached XP level 8. HP: 44/51 MP: 0/0
  3694 | D:4      | Reached skill level 5 in Shields
  3696 | D:4      | Noticed a wyvern
  3699 | D:4      | Killed a wyvern
  3966 | D:4      | Found a glowing silver altar of Zin.
  4222 | D:4      | Reached skill level 1 in Fighting
  4347 | D:5      | Entered Level 5 of the Dungeon
  4349 | D:5      | Noticed Pikel
  4421 | D:5      | Reached skill level 6 in Spellcasting
  4421 | D:5      | Reached XP level 9. HP: 42/57 MP: 0/0
  4421 | D:5      | Learned a level 3 spell: Vhi's Electric Charge
  4438 | D:5      | Reached skill level 1 in Armour
  5133 | D:5      | Found Zaablaad's Vocational Training.
  5153 | D:5      | Reached skill level 7 in Spellcasting
  5409 | D:5      | Killed Pikel
  5481 | D:5      | Found a sacrificial altar of Ru.
  5490 | D:5      | Found a hazy altar of Hepliaklqana.
  5719 | D:6      | Reached XP level 10. HP: 54/65 MP: 0/0
  6056 | D:6      | Identified the +10 hammer of Ackot {heavy, *Rage rElec
                  | Int+2}
  6094 | D:6      | Reached skill level 8 in Spellcasting
  6338 | D:6      | Found a glowing golden altar of the Shining One.
  6402 | D:6      | Found a runed translucent door.
  6403 | D:6      | Noticed Crazy Yiuf
  6438 | D:6      | Identified the +9 flail "Xuikk" {drain, rPois Dex+3}
  6605 | D:6      | Killed Crazy Yiuf
  6923 | D:7      | Found a staircase to the Ecumenical Temple.
  6932 | Temple   | Entered the Ecumenical Temple
  6941 | Temple   | Became a worshipper of Makhleb the Destroyer
  7227 | D:7      | Reached skill level 5 in Fighting
  7227 | D:7      | Reached skill level 5 in Stealth
  7227 | D:7      | Reached skill level 9 in Spellcasting
  7227 | D:7      | Reached XP level 11. HP: 75/75 MP: 0/0
  7227 | D:7      | Learned a level 5 spell: Borgnjor's Vile Clutch
  7261 | D:7      | Found a hide-covered altar of Uskayaw.
  7579 | D:7      | Reached * piety under Makhleb
  7634 | D:7      | Reached skill level 5 in Armour
  8233 | D:8      | Identified the +0 scale mail "Edabbub" {rPois Dex+5}
  8297 | D:8      | Found Famox's Assorted Antiques.
  8305 | D:8      | Bought a scroll labelled YDANOX JULUL for 30 gold pieces
  8305 | D:8      | Bought a scroll labelled ROHYAR SOM UWEC for 30 gold pieces
  8305 | D:8      | Bought a scroll labelled YDANOX JULUL for 30 gold pieces
  8408 | D:8      | Found Mazeug's Jewellery Boutique.
  8529 | D:8      | Found Lirud's Book Boutique.
  8694 | D:8      | Found Zohol's General Store.
  8696 | D:8      | Noticed a boulder beetle
  8712 | D:8      | Killed a boulder beetle
  8973 | D:8      | Found a glowing silver altar of Zin.
  9111 | D:8      | Found Uramaz's Magic Scroll Shoppe.
  9114 | D:8      | Bought a scroll of identify for 24 gold pieces
  9114 | D:8      | Bought a scroll of identify for 24 gold pieces
  9114 | D:8      | Bought a scroll of identify for 24 gold pieces
  9114 | D:8      | Bought a scroll of identify for 24 gold pieces
  9114 | D:8      | Bought a scroll of identify for 24 gold pieces
  9355 | D:8      | Found a shadowy altar of Dithmenos.
  9355 | D:8      | Found a stormy altar of Qazlal.
  9589 | D:9      | Noticed a moth of wrath
  9648 | D:9      | Reached ** piety under Makhleb
  9697 | D:9      | Reached skill level 10 in Spellcasting
  9909 | D:9      | Found a transporter.
  9915 | D:9      | Reached XP level 12. HP: 81/81 MP: 0/0
 10142 | D:9      | Noticed a deep elf knight
 10146 | D:9      | Found a transporter.
 10191 | D:9      | Noticed Maurice
 10195 | D:9      | Killed Maurice
 10288 | D:9      | Found a transporter.
 10299 | D:9      | Noticed suzumiya's ghost (journeyman HOFi)
 10341 | D:9      | Found a transporter.
 10483 | D:10     | Entered Level 10 of the Dungeon
 10629 | D:10     | Found a staircase to the Lair.
 11230 | D:10     | Noticed Mig's ghost (novice VSFi)
 11256 | D:10     | Found a transporter.
 11261 | D:10     | Found a transporter.
 11414 | Lair:1   | Entered Level 1 of the Lair of Beasts
 11614 | Lair:1   | Identified the ring of the Devouring Gods {rElec rPois}
 11789 | Lair:1   | Reached skill level 11 in Spellcasting
 12684 | Lair:2   | Reached *** piety under Makhleb
 12685 | Lair:2   | Reached XP level 13. HP: 61/87 MP: 0/0
 12685 | Lair:2   | Learned a level 5 spell: Lee's Rapid Deconstruction
 13033 | Lair:2   | Noticed Sonja
 13036 | Lair:2   | Killed Sonja
 13222 | Lair:2   | Reached skill level 12 in Spellcasting
 13837 | Lair:3   | Found a staircase to the Shoals.
 14418 | Lair:3   | Found a hole to the Spider Nest.
 14767 | D:2      | Bought a dented copper amulet for 115 gold pieces
 15011 | Lair:4   | Reached **** piety under Makhleb
 15027 | Lair:4   | Noticed Snorg
 15033 | Lair:4   | Killed Snorg
 15194 | Lair:4   | Found a viscous altar of Jiyva.
 15194 | Lair:4   | Found a staircase to the Slime Pits.
 15494 | Lair:4   | Reached skill level 1 in Invocations
 15494 | Lair:4   | Reached skill level 1 in Evocations
 15501 | Lair:4   | Noticed Urug
 15504 | Lair:4   | Reached XP level 14. HP: 94/94 MP: 0/0
 15504 | Lair:4   | Killed Urug
 15544 | Lair:4   | Noticed Kirke
 15550 | Lair:4   | Killed Kirke
 15551 | Lair:4   | Reached skill level 13 in Spellcasting
 15930 | Lair:5   | Entered Level 5 of the Lair of Beasts
 16116 | Lair:5   | Reached ***** piety under Makhleb
 16578 | Lair:5   | Reached XP level 15. HP: 101/101 MP: 0/0
 16578 | Lair:5   | Learned a level 6 spell: Eringya's Noxious Bog
 16579 | Lair:5   | Reached skill level 14 in Spellcasting
 17416 | Lair:5   | Identified the +1 robe of Ozoareo {*Corrode +Blink rC-
                  | rN+++}
 17418 | Lair:5   | Identified the +5 rapier of Internal Strife {elec, rElec
                  | Int+8 Dex-2}
 18036 | D:11     | Reached ****** piety under Makhleb
 18161 | D:11     | Found a staircase to the Orcish Mines.
 18812 | D:11     | Reached skill level 15 in Spellcasting
 18936 | D:11     | Reached skill level 10 in Shields
 18940 | D:11     | Reached skill level 5 in Invocations
 19133 | Orc:1    | Entered Level 1 of the Orcish Mines
 19550 | Orc:1    | Found an ornate altar of the Wu Jian Council.
 19550 | Orc:1    | Found a transporter.
 19617 | Orc:1    | Found a transporter.
 19640 | Orc:1    | Found a transporter.
 19641 | Orc:1    | Found an ornate altar of the Wu Jian Council.
 19641 | Orc:1    | Noticed an orc warlord
 19823 | Orc:1    | Found a transporter.
 19898 | Orc:2    | Entered Level 2 of the Orcish Mines
 20045 | Orc:2    | Found a staircase to the Elven Halls.
 20377 | Orc:2    | Reached XP level 16. HP: 101/108 MP: 0/0
 20503 | Orc:2    | Found Jaytees's General Store.
 20503 | Orc:2    | Found Legous's Distillery.
 20504 | Orc:2    | Found Ludghoong's Book Boutique.
 20508 | Orc:2    | Found Owuyloel's Distillery.
 20819 | D:5      | Bought a manual of Invocations for 880 gold pieces
 20995 | Spider:1 | Entered Level 1 of the Spider Nest
 21080 | Spider:1 | Noticed Josephine
 21081 | Spider:1 | Noticed Mlioglotl
 21082 | Spider:1 | Killed Josephine
 21471 | D:12     | Reached skill level 10 in Invocations
 22267 | D:13     | Identified the +5 chain mail "Ycink" {rF- Str+4 Int+3}
 22546 | D:13     | Found a gate to the Vaults.
 24131 | Lair:3   | Killed Mlioglotl
 24283 | Spider:1 | Reached XP level 17. HP: 101/113 MP: 0/0
 24283 | Spider:1 | Learned a level 6 spell: Summon Cactus Giant
 24982 | Spider:2 | HP: 5/113 [something (17)]
 24982 | Spider:2 | Slain by a ghost moth

Illustrated notes

Levels and vault maps discovered:
D:1:      minmay_arrival_doors, layout_basic, serial_rivers,
          chequers_serial_rivers_micro_b, chequers_serial_rivers_small_b,
          chequers_serial_rivers_micro_d, chequers_serial_rivers_micro_a,
          chequers_serial_rivers_large_b, chequers_serial_rivers_micro_d
D:2:      layout_basic, nicolae_ecumenical_lake_church, serial_shops,
          nicolae_shop_bloodbath_and_beyond, nicolae_square_shop, shop,
          minmay_misc_feat_encased, nrook_mini_vaults, minmay_tromino_mix6,
          uniq_sigmund, uniq_natasha
D:3:      layout_loops_cross, serial_undead, serial_undead_c, serial_undead_b,
          serial_undead_e, serial_undead_c, serial_undead_b, uniq_ijyb
D:4:      layout_loops_ring, zin_statuary, gup_sewer_entry_glass
D:5:      layout_cave_pools, nicolae_overflow_squiral, serial_gnoll_camp,
          gnoll_camp_mini_hut, gnoll_camp_mini_hut, gnoll_camp_huts_basic,
          gnoll_camp_mini_hut, nicolae_shop_vocational, uniq_pikel
D:6:      layout_loops_ring, tso_oasis_becter, uniq_crazy_yiuf_cottage
D:7:      layout_basic, eat_drink_and_be_merry_uskayaw,
          minmay_temple_entry_large_hall, minmay_misc_feat_enclosed
D:8:      layout_basic, gammafunk_temple_overflow_statue, serial_shops,
          nicolae_shop_tiny_real_fake_doors, shop, shop,
          nicolae_book_shop_shelving, kennysheep_mini, minmay_misc_feat_roman,
          hangedman_feature_mirror
D:9:      gammafunk_wand_slinger, layout_irregular_city,
          gammafunk_ghost_berserking_beasts, minmay_statues_item, uniq_maurice
D:10:     layout_rooms, hellmonk_lair_entry_icy, gammafunk_ghost_hive
D:11:     lemuel_ogre_cave, layout_basic, zombieorc2_lemuel,
          minmay_fire_ice_demons
D:12:     layout_rooms, hangedman_ranch
D:13:     layout_loops_cross, grunt_vaults_entry_tiered
D:14:     layout_stronghold
Temple:   hellmonk_temple_of_storms
Lair:1:   layout_cellular_growth, grunt_megastairs_1
Lair:2:   layout_long_grid, uniq_sonja
Lair:3:   layout_regular_city, elwin_shoals_entry_stream, spider_nest_entry_a,
          beast_lair_carwin_9
Lair:4:   layout_regular_city, minmay_slime_entry_oklob_open, minivault_27,
          uniq_kirke, uniq_urug, uniq_snorg
Lair:5:   evilmike_catoblepas_cave, layout_big_grid, roderic_batcave,
          grunt_megastairs_3
Spider:1: layout_spider_delve, beargit_elvish_explorers,
          hangedman_spider_tarantella_strand, uniq_josephine, uniq_mlioglotl
Spider:2: layout_spider_delve
Orc:1:    dreamdust_wu_jian_sword_trials, layout_caves
Orc:2:    st_orc_mages, layout_diamond_mine

Skill      XL: |  1  2  3  4  5  6  7  8  9 10 11 12 13 14 15 16 17 |
---------------+----------------------------------------------------+-----
Spellcasting   | 3 4 5 6 7 9 10 11 12 13 15 | 15.8
Stealth        | 2 3 5 6 7 |  7.8
Dodging        | 3 4 6 7 8 9 |  9.5
Shields        | 3 6 8 9 10 | 10.2
Fighting       | 1 2 5 6 7 8 |  8.3
Armour         | 2 4 5 6 7 8 |  8.0
Invocations    | 2 4 5 14 | 14.7
Evocations     | 2 3 |  3.1

Action                     |  1- 3 |  4- 6 |  7- 9 | 10-12 | 13-15 | 16-18 || total
---------------------------+-------+-------+-------+-------+-------+-------++-------
  Melee: Unarmed           |       |       |     3 |       |       |       ||     3
         Mace              |       |       |       |     1 |     2 |       ||     3
   Cast: Foxfire           |    53 |    14 |   171 |   225 |   107 |    15 ||   585
         Scorch            |     2 |     2 |     7 |    29 |     7 |     1 ||    48
         Inner Flame       |       |     5 |    27 |    61 |   198 |    89 ||   380
         Sandblast         |       |    42 |    33 |     7 |     8 |       ||    90
         Searing Ray       |       |     1 |     4 |     1 |     2 |       ||     8
         Volatile Blastmot |       |       |     5 |    11 |       |       ||    16
         Flame Wave        |       |       |     7 |    12 |     7 |     1 ||    27
         Borgnjor's Vile C |       |       |       |    33 |   123 |    64 ||   220
         Lee's Rapid Decon |       |       |       |       |   109 |   127 ||   236
         Eringya's Noxious |       |       |       |       |       |     2 ||     2
    Use: Scroll            |       |       |    10 |    17 |     3 |     2 ||    32
         Potion            |       |       |     1 |     2 |       |       ||     3
 Armour: Robe              |     9 |     3 |     6 |     9 |     5 |     9 ||    41
  Dodge: Dodged            |    18 |    11 |    11 |    22 |    15 |    19 ||    96
  Block: Buckler           |       |       |     7 |       |       |       ||     7
         Kite shield       |       |       |    11 |    26 |    24 |    33 ||    94
